 Dungeon Crawl Stone Soup version 0.24.0-123-gd5b16e6ec5 (webtiles) character file.

Game seed: 11222917306869786341, levelgen mode: deterministic

40 Descartes the Ducker (level 3, 0/17 HPs)
             Began as a Felid Monk on Dec 28, 2019.
             Slain by a goblin
             ... wielding a +3 dagger of venom
             ... led by Robin
              (6 damage)
             ... on level 1 of the Dungeon.
             The game lasted 00:02:38 (1311 turns).

Descartes the Ducker (Felid Monk)                   Turns: 1311, Time: 00:02:38

Health: 0/17       AC:  1    Str:  8    XL:     3   Next: 30%
Magic:  4/4        EV: 20    Int:  7    God:
Gold:   94         SH:  0    Dex: 18    Spells: 2/2 levels left
                                        Lives:  0   Deaths: 0

rFire    . . .     SeeInvis +     - Unarmed
rCold    . . .     Gourm    .   (shield unavailable)
rNeg     . . .     Faith    .   (armour unavailable)
rPois    .         Spirit   .   (helmet unavailable)
rElec    .         Reflect  .   (cloak unavailable)
rCorr    .         Harm     .   (gloves unavailable)
MR       .....                  (boots unavailable)
Stlth    +++.......             (no amulet)
HPRegen  0.05/turn              e - ring of wizardry
MPRegen  0.09/turn              f - -4 ring of intelligence (curse)

@: quick
A: very small, no armour, no weapons or thrown items, stealth, claws 1, fangs 3,
see invisible, carnivore, speed 1, shaggy fur 1, slow metabolism 1, sharp paws
a: no special abilities


You were on level 1 of the Dungeon.
You were completely stuffed.

You visited 1 branch of the dungeon, and saw 2 of its levels.

You collected 94 gold pieces.

Inventory:

Missiles
 h - 39 stones
Jewellery
 e - a ring of wizardry (left paw)
 f - a cursed -4 ring of intelligence (right paw)
Potions
 b - a potion of lignification {unknown}
 c - a potion of magic {unknown}
 g - 3 potions of might {unknown}
Comestibles
 a - 2 rations


   Skills:
 + Level 3.3 Fighting
 + Level 4.4 Dodging
 + Level 3.3 Stealth
 * Level 3.6 Unarmed Combat


You had 2 spell levels left.
You didn't know any spells.
Your spell library was empty.

Dungeon Overview and Level Annotations

Branches:
Dungeon (2/15)

Altars:

Annotations:
D:2 Robin


Innate Abilities, Weirdness & Mutations

You cannot wear armour.
You are incapable of wielding weapons or throwing items.
Your paws allow you to move quietly. (Stealth)
You have sharp claws.
You have razor-sharp teeth.
You have supernaturally acute eyesight. (SInv)
You are carnivorous and can eat meat at any time.
You cover ground quickly.
You are covered in fur. (AC +1)
You have a slow metabolism.
Your sharp claws are effective at attacking unaware monsters.


Message History

9 goblins, 3 hobgoblins and Robin come into view.
A goblin is wielding a +3 dagger of venom.
Found a twisted ivory ring and a war axe.
There is a stone staircase leading up here.
The goblin shouts!
The hobgoblin shouts! x2; The goblin shouts! x3
The hobgoblin shouts!
The goblin shouts!
You scratch the hobgoblin.
The hobgoblin is severely wounded.
Robin roars a battlecry!
The goblins go into a battle-frenzy!
The hobgoblin completely misses you. The hobgoblin hits you with a +0 club.
Robin throws the goblin at you!
There is a stone staircase leading up here.
The goblin barely misses you. The goblin hits you. The hobgoblin misses you.
The hobgoblin completely misses you.
You climb upwards.
There is a stone staircase leading down here.
The goblin completely misses you. The goblin misses you.
The goblin hits you with a +3 dagger of venom.
You die...

######...#.....#
######.......##.
##.###...##
#.......##. #.# ##.##
#.......### #.# #.#
#.......# ##.# #.#
#.......# #..# #.#
#.......### #.## #.#
#.##...[... #.#
#.####### ##.#########
#.#
#....@.g###..........†
#.#
#.....gg.....#########
#)# #.#####g.....#
#.#####.# ########
#.......# #########


You could see 2 hobgoblins and 2 goblins.

Vanquished Creatures
  A gnoll (D:1)
  An ooze (D:1)
  A dart slug (D:1)
  A leopard gecko (D:1)
  A hobgoblin (D:1)
  6 jackals (D:1)
  3 kobolds (D:1)
  4 bats (D:1)
  3 frilled lizards (D:1)
  3 rats (D:1)
24 creatures vanquished.

Notes
Turn   | Place    | Note
-------+----------+-------------------------------------------
     0 | D:1      | Descartes the Felid Monk began the quest for the Orb.
     0 | D:1      | Reached XP level 1. HP: 10/10 MP: 2/2
   268 | D:1      | Reached XP level 2. HP: 14/14 MP: 3/3
   919 | D:1      | Reached XP level 3. HP: 17/17 MP: 4/4
  1304 | D:2      | Noticed Robin
  1311 | D:1      | Slain by a goblin

Levels and vault maps discovered:
D:1:      dpeg_arrival_signposts, layout_loops_ring
D:2:      layout_rooms, first_ration, uniq_robin, uniq_sigmund

Skill      XL: |  1 |
---------------+----+-----
Stealth        | 3 |  3.3
Fighting       | |  3.3
Dodging        | |  4.4
Unarmed Combat | |  3.6

Action                   || total
-------------------------++-------
Melee: Unarmed           ||    62
       Bite              ||     5
  Use: Scroll            ||     2
 Stab: Sleeping          ||     4
  Eat: Chunk             ||     8
Armor: Skin              ||     3
Dodge: Dodged            ||    77
